 Dungeon Crawl Stone Soup version 0.30-a0-782-ge64f9170bb (webtiles) character file.

Game seed: 2761523902357616142

161 vineage the Trooper (level 5, -5/34 HPs)
             Began as a Gargoyle Fighter on Feb 23, 2023.
             Slain by an ogre
             ... wielding a +0 giant club
              (18 damage)
             ... on level 4 of the Dungeon.
             The game lasted 00:02:19 (2488 turns).

vineage the Trooper (Gargoyle Fighter)              Turns: 2488, Time: 00:02:19

Health: -5/34      AC: 12    Str: 21    XL:     5   Next: 42%
Magic:  5/5        EV: 10    Int:  9    God:
Gold:   234        SH:  4    Dex:  9    Spells: 4/4 levels left

rFire   . . .      SeeInvis .    a - +0 flail
rCold   . . .      Faith    .    c - +0 buckler
rNeg    + . .      Spirit   .    k - +0 ring mail of the Jabberwock {+Blink Slay+2}
rPois   ∞          Reflect  .    (no helmet)
rElec   +          Harm     .    (no cloak)
rCorr   .          Rampage  .    h - +1 pair of gloves
Will    .....                    (no boots) Stlth
                                 (no amulet)
HPRegen 0.25/turn                (no ring)
MPRegen 0.09/turn                (no ring)

@: on berserk cooldown, slowed, very slow
A: sickness immunity, AC +4, negative energy resistance 1, electricity
resistance, torment resistance 1, petrification resistance
a: Evoke Blink


You were on level 4 of the Dungeon.
You visited 1 branch of the dungeon, and saw 4 of its levels.

You collected 234 gold pieces.

Inventory:

Hand Weapons
 a - a +0 flail (weapon)
Armour
 b - a +0 scale mail
 c - a +0 buckler (worn)
 h - a +1 pair of gloves (worn)
 k - the +0 ring mail of the Jabberwock (worn) {+Blink Slay+2}
   (You found it on level 3 of the Dungeon)

   Slay:      It affects your accuracy & damage with ranged weapons and melee
   (+2).
   +Blink:    It lets you blink.
Wands
 n - a wand of iceblast (7)
Scrolls
 f - a scroll of enchant armour
 g - 4 scrolls of teleportation
 p - a scroll of magic mapping
Potions
 d - 2 potions of might
 e - 2 potions of haste
 j - a potion of berserk rage
 l - a potion of flight {unknown}
 m - a potion of attraction {unknown}
 o - a potion of heal wounds
 q - a potion of ambrosia {unknown}
 r - a potion of curing {unknown}
 s - a potion of brilliance {unknown}


   Skills:
 * Level 4.5 Fighting
 * Level 3.5 Maces & Flails
 + Level 4.0 Armour
 + Level 4.0 Shields


You had 4 spell levels left.
You didn't know any spells.
Your spell library was empty.

Dungeon Overview and Level Annotations

Branches:
Dungeon (4/15)
 Temple: D:4-7

Altars:
Hepliaklqana


Innate Abilities, Weirdness & Mutations

You are immune to sickness and miasma.
Your stone body is resilient. (AC +4)
You are immune to poison.
You resist negative energy. (rN+)
You are resistant to electric shocks. (rElec)
You are resistant to unholy torment.
You are immune to petrification.


Message History

The orc hits you but does no damage. You block the phantom's attack.
The kobold hits you but does no damage.
You are too injured to fight recklessly!
You are too injured to fight recklessly!
You are too injured to fight recklessly!
You are too injured to fight recklessly!
You are too injured to fight recklessly!
You are too injured to fight recklessly!
You are too injured to fight recklessly!
You are too injured to fight recklessly!
You are too injured to fight recklessly!
You are too injured to fight recklessly!
You are too injured to fight recklessly!
You are too injured to fight recklessly!
You are too injured to fight recklessly!
As you read the scroll of teleportation, it crumbles to dust.
You feel strangely unstable. The water moccasin bites you.
The orc closely misses you. The phantom barely misses you.
The kobold hits you with a +0 dagger. The water moccasin closely misses you.
You hit the kobold.
The kobold is heavily wounded.
The water moccasin barely misses you. The orc hits you but does no damage.
The phantom barely misses you. The kobold hits you but does no damage.
You barely miss the kobold.
The kobold is heavily wounded.
Your surroundings suddenly seem different.
Found a copper ring.
Found a stone staircase leading down.
Found 6 stones.
An ogre comes into view. It is wielding a +0 giant club.
The ogre shouts!
A red film seems to cover your vision as you go berserk!
You feel yourself moving faster!
You feel mighty!
You feel a strong urge to attack something.
You feel your anger nearly subside.
You are no longer berserk.
You are exhausted.
You feel yourself slow down.
You closely miss the ogre.
The ogre hits you with a +0 giant club!!
Ouch! That really hurt!
You die...

......# . .##
#.....###.# .
.......#.#. #.
.........
......# .>..#
###########.#.#
#.............#
#..(..O@...####
#..........#
#.......####
#.......#
#.......#
#########


You could see an ogre.

Vanquished Creatures
  A hound (D:4)
  A jelly (D:4)
  3 adders (D:2)
  A gnoll (D:1)
  A worm (D:2)
  A dart slug (D:3)
  2 orcs
  7 endoplasms
  2 giant cockroaches
  2 goblins
  4 hobgoblins
  3 kobolds
  4 quokkas
  9 ball pythons
  5 bats
  4 frilled lizards
  7 rats
57 creatures vanquished.

Notes
Turn   | Place    | Note
-------+----------+-------------------------------------------
     0 | D:1      | vineage the Gargoyle Fighter began the quest for the Orb.
     0 | D:1      | Reached XP level 1. HP: 14/14 MP: 1/1
    57 | D:1      | Reached XP level 2. HP: 14/19 MP: 2/2
    90 | D:1      | Found a faded altar of an unknown god.
   470 | D:1      | Reached XP level 3. HP: 24/24 MP: 3/3
   844 | D:2      | Reached XP level 4. HP: 28/29 MP: 4/4
  1675 | D:3      | Identified the +0 ring mail of the Jabberwock {+Blink
                  | Slay+2}
  2115 | D:3      | Found a hazy altar of Hepliaklqana.
  2424 | D:4      | Reached XP level 5. HP: 27/34 MP: 5/5
  2466 | D:4      | Noticed a phantom
  2466 | D:4      | Noticed a water moccasin
  2483 | D:4      | Noticed an ogre
  2488 | D:4      | Slain by an ogre

Illustrated notes

Levels and vault maps discovered:
D:1:      onia_arrival_pentagram, layout_loops_ring,
          ebering_ecumenical_altar_hall, chequers_serial_rivers_large_b,
          minmay_misc_feat_hallway, nrook_mini_backslash
D:2:      minmay_chambers_of_twos, layout_rooms
D:3:      layout_basic, nicolae_hepliaklqana_hippocampus,
          minmay_misc_feat_more_columns, kennysheep_generic_room_14
D:4:      layout_basic, uniq_ijyb

Skill      XL: |  1  2  3  4  5 |
---------------+----------------+-----
Fighting       | 4 |  4.5
Maces & Flails | 3 |  3.5
Shields        | 4 |  4.0
Armour         | 4 |  4.0

Action                     |  1- 3 |  4- 6 || total
---------------------------+-------+-------++-------
  Melee: Flail             |    85 |   142 ||   227
    Use: Scroll            |     3 |     8 ||    11
         Potion            |       |     1 ||     1
 Armour: Scale mail        |    48 |    33 ||    81
         Ring mail         |       |    33 ||    33
  Dodge: Dodged            |    51 |    86 ||   137
  Block: Buckler           |    24 |    32 ||    56

Table legend: (Time is in decaauts)
 A = Elapsed time spent in this place.
 B = Non-inter-level travel time spent in this place.
 C = Inter-level travel time spent in this place.
 D = Time resting spent in this place.
 E = Time spent auto-exploring this place.
 F = Levels seen in this place.
 G = Mean time per level.
                   A        B        C        D        E       F      G
               +--------+--------+--------+--------+--------+-----+--------+
         Total |   2581 |   2460 |    121 |      0 |   1962 |   4 |  645.2 |
       Dungeon |   2581 |   2460 |    121 |      0 |   1962 |   4 |  645.2 |
               +--------+--------+--------+--------+--------+-----+--------+

Top non-repeatable levels by time:
     D:3: 992 daAuts
     D:1: 761 daAuts
     D:2: 745 daAuts
     D:4: 82 daAuts
